AoeStats
← lumos

Arena

508227062Analyzed
4v4 RM · 10d ago on Sep 21, 2026· 58m 40s· 8 players
Game mode
Random Map
Map size
Large (8 player)
Population
200
Speed
Normal
Resources
Standard
Victory
Conquest
Starting age
Dark Age
Ending age
Imperial Age
RankedLock teamsTeams togetherTeam positionsShared explorationLock speedFull tech treeHidden civsTurbo modeCheats
Victory
Defeat
🇬🇷 Bengalis · Greece
1299
+15
🇨🇳 Malay · China
1298
+15
🇹🇼 Wu · Taiwan
1230
+18
🇹🇼 Mapuche · Taiwan
1219
+18
🇪🇸 Persians · Spain
1282
-17
🇵🇾 Italians · Paraguay
1276
-17
🇨🇳 Portuguese · China
1269
-16
🇦🇷 Gurjaras · Argentina
1262
-16
WolffJesu
10:20 Feudal Age
12:36 Double-Bit Axe
15:11 Castle Age
14:28 Horse Collar
16:26 Bow Saw
22:58 Wheelbarrow
22:42 Gold Mining
23:49 Loom
28:30 Imperial Age
26:15 Fletching
26:25 Padded Archer Armor
27:33 Bodkin Arrow
27:31 Crossbowman
28:51 Leather Archer Armor
30:24 Chemistry
29:29 Arbalester
31:12 Bracer
31:26 Fortified Wall
32:26 Conscription
32:32 Thumb Ring
33:46 Scale Mail Armor
33:52 Town Watch
34:52 Masonry
35:40 Forging
36:58 Ring Archer Armor
37:02 Chain Mail Armor
37:22 Iron Casting
37:41 Town Patrol
38:45 Plate Mail Armor
38:48 Squires
38:33 Arson
40:02 Architecture
42:03 Silk Road
43:15 Ballistics
45:29 Coinage
50:08 Elite Genoese Crossbowman
51:19 Elite Skirmisher
esoneplus
10:25 Feudal Age
15:05 Castle Age
13:55 Double-Bit Axe
13:51 Horse Collar
14:07 Gold Mining
16:49 Loom
23:56 Heavy Plow
24:10 Bow Saw
26:22 Forging
26:18 Scale Barding Armor
30:42 Imperial Age
28:21 Light Cavalry
29:12 Bloodlines
29:03 Husbandry
29:46 Fletching
30:49 Wheelbarrow
30:43 Town Watch
31:45 Kamandaran
31:56 Bodkin Arrow
32:02 Padded Archer Armor
32:06 Crossbowman
32:52 Thumb Ring
35:04 Leather Archer Armor
36:02 Hussar
37:30 Ballistics
38:11 Chemistry
37:07 Murder Holes
37:22 Masonry
37:16 Cavalier
40:50 Ring Archer Armor
40:41 Chain Barding Armor
40:57 Iron Casting
40:25 Heavy Camel Rider
41:50 Citadels
42:01 Conscription
42:38 Savar
48:52 Squires
48:37 Arson
49:12 Pikeman
51:00 Scale Mail Armor
51:39 Gambesons
54:01 Elite Skirmisher
55:27 Chain Mail Armor
57:48 Crop Rotation
58:20 Two-Man Saw
58:46 Hand Cart
58:32 Town Patrol
lumos
10:21 Feudal Age
12:02 Double-Bit Axe
14:26 Castle Age
12:25 Horse Collar
18:01 Sanctity
19:44 Gold Mining
21:45 Bow Saw
21:50 Atonement
21:58 Loom
28:43 Stone Mining
32:51 Imperial Age
el maldito asfalto
10:40 Feudal Age
14:19 Castle Age
12:55 Double-Bit Axe
12:51 Horse Collar
14:49 Loom
17:19 Scale Barding Armor
23:01 Redemption
33:56 Imperial Age
37:58 Chain Barding Armor
37:48 Forging
37:51 Bloodlines
39:54 Plate Barding Armor
40:01 Heavy Camel Rider
42:40 Iron Casting
44:01 Husbandry
54:05 Chemistry
55:43 Conscription
Papiz96
10:25 Feudal Age
14:28 Castle Age
12:42 Loom
13:48 Double-Bit Axe
20:42 Atonement
23:31 Redemption
23:24 Fletching
28:43 Wheelbarrow
29:08 Bodkin Arrow
29:42 Bow Saw
31:27 Horse Collar
35:26 Heavy Plow
40:16 Imperial Age
39:30 Ballistics
38:52 Treadmill Crane
39:22 Masonry
40:11 Padded Archer Armor
40:21 Elite Elephant Archer
41:04 Bracer
41:26 Conscription
41:17 Paiks
43:16 Chemistry
42:33 Leather Archer Armor
42:32 Bloodlines
42:22 Husbandry
42:38 Gold Mining
42:42 Stone Mining
43:24 Hand Cart
43:48 Ring Archer Armor
47:52 Architecture
47:32 Siege Engineers
49:48 Light Cavalry
50:51 Scale Barding Armor
50:57 Forging
55:18 Chain Barding Armor
55:34 Iron Casting
57:03 Plate Barding Armor
clp0526
2:07 Loom
6:15 Loom
11:34 Feudal Age
12:49 Double-Bit Axe
12:59 Gold Mining
16:44 Castle Age
14:41 Stone Mining
14:46 Fletching
14:57 Padded Archer Armor
18:01 Bodkin Arrow
18:03 Town Watch
18:38 Horse Collar
30:43 Wheelbarrow
31:53 Elite Skirmisher
32:53 Leather Archer Armor
35:15 Hand Cart
44:50 Heavy Plow
45:01 Bow Saw
45:26 Gold Shaft Mining
45:27 Stone Shaft Mining
44:55 Pikeman
47:53 Forging
47:44 Scale Mail Armor
51:57 Iron Casting
51:39 Chain Mail Armor
51:50 Malon
ryan20160922
11:34 Feudal Age
15:38 Castle Age
13:42 Double-Bit Axe
13:38 Horse Collar
17:08 Bow Saw
16:47 Loom
24:24 Heavy Plow
24:27 Gold Mining
29:07 Imperial Age
27:17 Wheelbarrow
27:14 Forging
27:04 Scale Mail Armor
28:06 Stone Mining
28:52 Gold Shaft Mining
29:01 Iron Casting
29:43 Chain Mail Armor
31:36 Blast Furnace
30:41 Scale Barding Armor
32:22 Padded Archer Armor
33:36 Plate Mail Armor
32:31 Heavy Hei Guang Cavalry
33:12 Husbandry
33:31 Bloodlines
33:08 Elite Skirmisher
35:35 Two-Man Saw
34:50 Fletching
35:15 Leather Archer Armor
35:43 Bodkin Arrow
37:11 Bracer
38:13 Chemistry
37:33 Ballistics
37:27 Heated Shot
38:19 Guard Tower
39:57 Conscription
50:42 Pikeman
51:23 Squires
52:42 Halberdier
熊二
10:21 Feudal Age
15:15 Castle Age
29:39 Horse Collar
30:53 Wheelbarrow
30:40 Heavy Plow
30:27 Double-Bit Axe
32:18 Bow Saw
32:30 Loom
36:41 Imperial Age
35:34 Hand Cart
37:40 Scale Barding Armor
37:46 Forging
37:13 Elite Battle Elephant
38:32 Husbandry
40:10 Iron Casting
45:00 Ballistics
46:39 Blast Furnace
50:24 Chemistry
54:53 Man-at-Arms
55:34 Pikeman
56:14 Squires
Connection lost

Rejoining the realm…

Still unreachable

The connection could not be restored.

Session expired

The server has moved on; the page needs a fresh start.